 Dungeon Crawl Stone Soup version 0.28.0-53-g5a82cb258f (webtiles) character file.

Game seed: 7188890167010475196

231 Zeldest the Covered (level 5, -10/49 HPs)
             Began as a Deep Dwarf Fighter on Aug 20, 2022.
             Killed from afar by Ijyb (21 damage)
             ... with a bolt of acid
             ... on level 4 of the Dungeon.
             The game lasted 00:03:01 (2700 turns).

Zeldest the Covered (Deep Dwarf Fighter)            Turns: 2700, Time: 00:03:01

Health: -10/49     AC:  7    Str: 22    XL:     5   Next: 72%
Magic:  6/6        EV:  9    Int:  8    God:
Gold:   4          SH:  4    Dex: 12    Spells: 4/4 levels left

rFire   . . .      SeeInvis .   a - +0 war axe
rCold   . . .      Faith    .   c - +0 buckler
rNeg    . . .      Spirit   .   b - +0 scale mail
rPois   .          Reflect  .   (no helmet)
rElec   .          Harm     .   (no cloak)
rCorr   .          Rampage  .   (no gloves)
Will    .....                   (no boots)
Stlth   ..........              (no amulet)
HPRegen 0.00/turn               m - ring of flight
MPRegen 0.10/turn               (no ring)

@: mighty, flying
A: damage resistance, heal wounds, sense surroundings 1, no regeneration
a: Heal Wounds


You were on level 4 of the Dungeon.
You visited 1 branch of the dungeon, and saw 4 of its levels.
You also visited: Sewer.

You collected 224 gold pieces.
You spent 220 gold pieces at shops.

Inventory:

Hand Weapons
 a - a +0 war axe (weapon)
Armour
 b - a +0 scale mail (worn)
 c - a +0 buckler (worn)
Jewellery
 l - a ring of ice
 m - a ring of flight (left hand)
Scrolls
 e - a scroll of torment {unknown}
 f - 2 scrolls of blinking {unknown}
 g - a scroll of fear {unknown}
 i - 2 scrolls of identify {unknown}
 o - a scroll of enchant weapon {unknown}
 p - a scroll of fog {unknown}
Potions
 d - 2 potions of might
 h - 2 potions of curing {unknown}
 j - a potion of heal wounds {unknown}
 k - 3 potions of degeneration {unknown}
 n - a potion of brilliance {unknown}
 q - a potion of flight {unknown}
 r - a potion of mutation {unknown}


   Skills:
 + Level 3.6 Fighting
 + Level 3.6 Axes
 + Level 4.4 Armour
 - Level 3.7 Shields
 + Level 2.4 Invocations
 + Level 2.4 Evocations


You had 4 spell levels left.
You didn't know any spells.
Your spell library contained the following spells:

 Spells                   Type           Power      Damage    Failure   Level
 Sandblast                Erth           0%         2d4       82%         1
 Ensorcelled Hibernation  Hex/Ice        0%         N/A       91%         2
 Passwall                 Tmut/Erth      0%         N/A       91%         2
 Inner Flame              Hex/Fire       0%         N/A       99%         3
 Spider Form              Tmut/Pois      0%         N/A       99%         3
 Stone Arrow              Conj/Erth      0%         3d7       99%         3
 Anguish                  Hex/Necr       0%         N/A       100%        4
 Cause Fear               Hex            0%         N/A       100%        4
 Iskenderun's Battlesphe  Conj           0%         2d6       100%        5
 Iron Shot                Conj/Erth      0%         9d1       100%        6
 Spellforged Servitor     Conj/Summ      0%         N/A       100%        7
 Discord                  Hex            0%         N/A       100%        8


Dungeon Overview and Level Annotations

Branches:
Dungeon (4/15)              Sewer (visited)
 Temple: D:4-7

Altars:
Sif Muna
Zin

Shops:
D:3 *

Annotations:
D:4 Ijyb


Innate Abilities, Weirdness & Mutations

You are resistant to damage.
You can heal yourself by infusing magical energy.
You passively map a small area around you.
You do not regenerate.


Message History

Found a glowing silver altar of Zin.
No target in view!
There is a glowing silver altar of Zin here. 2 goblins come into view.
A goblin is wielding a +1 dagger of venom.
The goblin shouts! x2; You hear a shout!
A goblin comes into view.
It is wielding a +0 club. x2 2 goblins come into view.
The goblin shouts! x3
Ijyb the Twisted Goblin comes into view.
She is wielding a +0 dagger, wearing a +1 scale mail of positive energy and carrying a wand of acid (10).
There are monsters nearby!
Found a potion of might.
Ijyb shouts!
The goblin unwields a +0 club.
The goblin wields a +0 hunting sling.
The goblin shoots a stone.
The stone completely misses you.
Found a ring of ice and a quarterstaff.
The goblin shoots a stone.
You block the stone. The goblin hits you but does no damage.
There are monsters nearby!
You barely miss the goblin. x2; The goblin hits you but does no damage.
You miss the goblin. You hit the goblin.
You kill the goblin!
The goblin hits you but does no damage.
The goblin shoots a stone.
The stone hits you.
You closely miss Ijyb. You closely miss the goblin. x2
The goblin hits you with a +0 dagger. The goblin hits you but does no damage.
You block the goblin's attack. The goblin hits you but does no damage.
The goblin hits you with a +0 club.
You barely miss Ijyb. You barely miss the goblin. You closely miss the goblin.
You slash the goblin!
You kill the goblin!
Ijyb zaps a wand.
The bolt of acid hits you!!
Ouch! That really hurt!
* * * LOW HITPOINT WARNING * * *
The goblin shoots a stone.
The stone barely misses you. The goblin hits you but does no damage.
You are too injured to fight recklessly!
You are too injured to fight recklessly!
You feel very mighty all of a sudden. The goblin closely misses you.
Ijyb zaps a wand.
The bolt of acid hits you!!
You die...

..... #....#..............#.##.##
...., #....#..............##.###
... #....#..............#.#†###
########'####..##...##....#.##..#
##....##.####..##...##....#..##.#
...............#....#####.###.###
..)).................# #..##.#
......[.........g....# ##....#
##......###8..g.@8#.## ######
###'#####*#....ggg#.#* .....(
#8.....8#.. ......., #.......#..#
(....... #8.....8#..# ........
,#.......#..# #8.!...8#
*#..).=..# ,


You could see Ijyb and 4 goblins.

Vanquished Creatures
  A water moccasin (Sewer)
  Jessica (D:3)
  3 adders
  3 worms (D:3)
  5 orcs (D:3)
  6 bats
  4 endoplasms
  A giant cockroach (D:1)
  8 hobgoblins
  3 jackals (D:3)
  9 kobolds
  2 quokkas (D:4)
  6 ball pythons
  A frilled lizard (D:1)
  6 goblins
  5 rats
64 creatures vanquished.

Notes
Turn   | Place    | Note
-------+----------+-------------------------------------------
     0 | D:1      | Zeldest the Deep Dwarf Fighter began the quest for the Orb.
     0 | D:1      | Reached XP level 1. HP: 20/20 MP: 1/1
   150 | D:1      | Reached XP level 2. HP: 24/27 MP: 2/2
   660 | D:2      | Reached XP level 3. HP: 28/34 MP: 3/3
   895 | D:2      | Found a shimmering blue altar of Sif Muna.
  1153 | D:2      | Found a faded altar of an unknown god.
  1401 | D:3      | Found Rulyume's Assorted Antiques.
  1409 | D:3      | Bought a scratched wooden ring for 110 gold pieces
  1624 | D:3      | Found a glowing drain.
  1654 | Sewer    | Entered a sewer
  1703 | Sewer    | Noticed a water moccasin
  1714 | Sewer    | Killed a water moccasin
  1715 | Sewer    | Reached skill level 4 in Armour
  1715 | Sewer    | Reached skill level 1 in Evocations
  1715 | Sewer    | Reached XP level 4. HP: 29/42 MP: 3/5
  1715 | Sewer    | Reached XP level 5. HP: 34/49 MP: 3/6
  2212 | D:3      | Noticed Jessica
  2216 | D:3      | Killed Jessica
  2507 | D:3      | Bought a shiny garnet ring for 110 gold pieces
  2663 | D:4      | Found a glowing silver altar of Zin.
  2693 | D:4      | Noticed Ijyb
  2700 | D:4      | Killed from afar by Ijyb

Illustrated notes

Levels and vault maps discovered:
D:1:      dpeg_arrival_long_road, layout_basic
D:2:      layout_basic, basic_altar, ebering_ecumenical_altar_mist
D:3:      layout_basic, serial_shops, shop, cheibrodos_sewer_entry_bend,
          uniq_jessica
D:4:      kennysheep_the_goblin_king, layout_gridville, marbit_many_paths

Skill      XL: |  1  2  3  4  5 |
---------------+----------------+-----
Fighting       | 3 |  3.6
Axes           | 3 |  3.6
Armour         | 4 |  4.4
Invocations    | 2 |  2.4
Evocations     | 1 2 |  2.4
Shields        | |  3.7

Action                   |  1- 3 |  4- 6 || total
-------------------------+-------+-------++-------
Melee: War axe           |   114 |    47 ||   161
 Abil: Heal Wounds       |     1 |     1 ||     2
  Use: Potion            |       |     1 ||     1
Armor: Scale mail        |    60 |    31 ||    91
Dodge: Dodged            |    53 |    16 ||    69
Block: Buckler           |    39 |     7 ||    46
